 Dungeon Crawl Stone Soup version 0.30.1-3-gfc49f6343a (webtiles) character file.

Game seed: 3507889774758415552

213798 spardeous the Thaumaturge (level 17, -11/140 HPs)
             Began as a Demigod Conjurer on Aug 8, 2023.
             Mangled by a bunyip (18 damage)
             ... on level 4 of the Abyss.
             The game lasted 01:50:37 (46302 turns).

spardeous the Thaumaturge (Demigod Conjurer)       Turns: 46302, Time: 01:50:38

Health: -11/140    AC: 22    Str: 26    XL:     17   Next: 65%
Magic:  8/38       EV: 13    Int: 38    God:
Gold:   4162       SH: 13    Dex: 16    Spells: 3/40 levels left

rFire   + + .        K - +1 mace "Demigod's Peril" {freeze, rPois rC+ Will+ Str+5}
rCold   + + .        P - +2 kite shield {AC+3}
rNeg    . . .        o - +2 ring mail of Cazuagia {rF+ Dex+4}
rPois   +            I - +2 helmet
rElec   +            p - scarf {rC+ rF+}
rCorr   .            S - +2 pair of gloves {Str+3}
SInv    .            Z - +2 pair of boots
Will    ++...        N - amulet of magic regeneration
Stlth   ++           C - +6 ring of strength
HPRegen 0.00/turn    G - ring of the Exiled Mouths {Wiz Contam rElec rF++ Int+2}
MPRegen 0.66/turn

%: wizardry (x1)
@: about to teleport, sick, inhibited regen
A: high MP 1, forlorn, divine attributes, talons 1, mutation resistance 1,
[screaming 2], [inhibited regeneration], [heat vulnerability 2]
}: 1/15 runes: serpentine
a: no special abilities


You were on level 4 of the Abyss.
You visited 5 branches of the dungeon, and saw 28 of its levels.
You visited the Abyss 1 time.
You also visited: Ice Cave.

You collected 5076 gold pieces.
You spent 914 gold pieces at shops.

Inventory:

Hand Weapons
 K - the +1 mace "Demigod's Peril" (weapon) {freeze, rPois rC+ Will+ Str+5}
   (You found it on level 7 of the Dungeon)

   Str:       It affects your strength (+5).
   rC:        It protects you from cold.
   rPois:     It protects you from poison.
   Will:      It increases your willpower.
Armour
 l - a +2 robe of the Archmagi
 o - the +2 ring mail of Cazuagia (worn) {rF+ Dex+4}
   (You found it on level 4 of the Lair of Beasts)

   Dex:       It affects your dexterity (+4).
   rF:        It protects you from fire.
 p - a scarf of resistance (worn)
 s - a +1 buckler of cold resistance
 A - a +1 crystal plate armour of cold resistance
 I - a +2 helmet (worn)
 P - a +2 kite shield of protection (worn)
 R - the +2 chain mail of Relativism {Harm rN+ rCorr Str-2}
   (You bought it in a shop on level 9 of the Dungeon)

   Str:       It affects your strength (-2).
   rN:        It protects you from negative energy.
   rCorr:     It protects you from acid and corrosion.
   Harm:      It increases damage dealt and taken.
 S - a +2 pair of gloves of strength (worn)
 Z - a +2 pair of boots (worn)
Magical Staves
 J - the staff of poison "Bastu" {Fragile rPois rF+ Dex+3 SInv}
   (You found it on level 7 of the Dungeon)

   [staff of poison]

   Base accuracy: +5 Base damage: 5 Base attack delay: 1.2 This weapon's minimum
   attack delay (0.6) is reached at skill level 12.
   Dex:       It affects your dexterity (+3).
   rF:        It protects you from fire.
   rPois:     It protects you from poison.
   SInv:      It lets you see invisible.
   Fragile:   It will be destroyed if unequipped.
   It falls into the 'Staves' category.
   It is a one-handed weapon.
Jewellery
 b - a +4 ring of protection
 w - an amulet of reflection
 z - a ring of see invisible
 C - a +6 ring of strength (left hand)
 E - the amulet "Ralast" {Acrobat Rampage rCorr MP+9 Dex+3}
   (You took it off a naga on level 4 of the Snake Pit)

   [amulet of the acrobat]

   It increases your evasion while moving and waiting.
   Dex:       It affects your dexterity (+3).
   MP:        It affects your magic capacity (+9).
   rCorr:     It protects you from acid and corrosion.
   Rampage:   It bestows one free step when moving towards enemies.
 G - the ring of the Exiled Mouths (right hand) {Wiz Contam rElec rF++ Int+2}
   (You took it off an orc warrior on level 7 of the Dungeon)

   [ring of wizardry]

   It improves your spell success rate.
   Int:       It affects your intelligence (+2).
   rF:        It greatly protects you from fire.
   rElec:     It insulates you from electricity.
   Contam:    It causes magical contamination when unequipped.
 H - a ring of flight
 N - an amulet of magic regeneration (around neck)
Wands
 d - a wand of roots (16)
 k - a wand of flame (22)
 B - a wand of mindburst (12)
 L - a wand of polymorph (3)
 T - a wand of digging (5)
Scrolls
 a - a scroll of magic mapping
 e - 3 scrolls of amnesia
 g - a scroll of silence
 i - 9 scrolls of teleportation
 m - 2 scrolls of brand weapon
 n - a scroll of blinking
 t - 5 scrolls of poison
 u - 6 scrolls of fear
 D - 3 scrolls of enchant weapon
 V - 3 scrolls of fog
Potions
 c - 4 potions of brilliance
 f - 5 potions of mutation
 h - 5 potions of lignification
 j - 2 potions of berserk rage
 q - 6 potions of attraction
 r - 7 potions of cancellation
 v - 3 potions of resistance
 x - 3 potions of invisibility
 O - 2 potions of ambrosia
 Q - a potion of haste
 U - 6 potions of flight
 W - 4 potions of curing
 Y - 5 potions of might
Miscellaneous
 F - a phial of floods


   Skills:
 - Level 10.0 Fighting
 + Level 8.7 Maces & Flails
 - Level 10.0 Armour
 - Level 6.1 Dodging
 - Level 4.8 Stealth
 - Level 8.0 Shields
 - Level 12.0 Spellcasting
 - Level 10.0 Conjurations
 - Level 9.7 Necromancy
 - Level 10.2 Translocations
 - Level 10.3 Transmutations
 - Level 5.2 Earth Magic


You had 3 spell levels left.
You knew the following spells:

 Your Spells              Type           Power      Damage    Failure   Level
a - Magic Dart            Conj           100%       1d8       1%          1
b - Searing Ray           Conj           100%       2d8       1%          2
c - Iskenderun's Mystic   Conj/Tloc      79%        2d16      1%          4
d - Statue Form           Tmut/Erth      46%        N/A       11%         6
e - Wereblood             Tmut           80%        N/A       1%          2
f - Borgnjor's Vile Clut  Necr/Erth      34%        N/A       1%          5
g - Dragon Form           Tmut           40%        N/A       19%         7
h - Sublimation of Blood  Necr           77%        N/A       1%          2
i - Leda's Liquefaction   Hex/Erth       21%        N/A       6%          4
j - Fulminant Prism       Conj/Hex       28%        3d14      1%          4

Your spell library contained the following spells:

 Spells                   Type           Power      Damage    Failure   Level
 Apportation              Tloc           100%       N/A       1%          1
 Foxfire                  Conj/Fire      100%       2x1d9     1%          1
 Freeze                   Ice            88%        1d9       1%          1
 Dazzling Flash           Conj/Hex       100%       N/A       1%          3
 Hailstorm                Conj/Ice       57%        3d12      1%          3
 Ignite Poison            Fire/Tmut/Pois 49%        N/A       1%          3
 Stone Arrow              Conj/Erth      100%       3d13      1%          3
 Volatile Blastmotes      Fire/Tloc      100%       2d18      1%          3
 Frozen Ramparts          Ice            44%        1d7       4%          3
 Inner Flame              Hex/Fire       22%        N/A       4%          3
 Ozocubu's Armour         Ice            22%        N/A       4%          3
 Tukima's Dance           Hex            22%        N/A       4%          3
 Animate Dead             Necr           77%        N/A       1%          4
 Flame Wave               Conj/Fire      57%        2d14      1%          4
 Passage of Golubria      Tloc           79%        N/A       1%          4
 Petrify                  Tmut/Erth      70%        N/A       1%          4
 Sticky Flame             Conj/Fire      57%        2d7       1%          4
 Blade Hands              Tmut           40%        N/A       1%          5
 Irradiate                Conj/Tmut      39%        3d24      1%          5
 Anguish                  Hex/Necr       28%        N/A       2%          4
 Death Channel            Necr           38%        N/A       4%          6
 Alistair's Intoxication  Tmut/Pois      38%        N/A       5%          5
 Lee's Rapid Deconstruct  Erth           29%        3d15*     5%          5
 Yara's Violent Unravell  Hex/Tmut       29%        3d12      5%          5
 Animate Armour           Summ/Erth      84%        N/A       6%          4
 Fireball                 Conj/Fire      28%        3d12      6%          5
 Cause Fear               Hex            11%        N/A       16%         4
 Starburst                Conj/Fire      28%        6d9       30%         6
 Simulacrum               Ice/Necr       28%        N/A       32%         6
 Metabolic Englaciation   Hex/Ice        11%        N/A       38%         5
 Necromutation            Tmut/Necr      39%        N/A       83%         8
 Plasma Beam              Fire/Air       11%        2x1d24    91%         6
 Lehudib's Crystal Spear  Conj/Erth      34%        10d9      98%         8
 Enfeeble                 Hex            11%        N/A       100%        7
 Summon Hydra             Summ           11%        N/A       100%        7
 Ignition                 Fire           11%        3d5       100%        8
 Death's Door             Necr           38%        N/A       100%        9


Dungeon Overview and Level Annotations

Branches:
Dungeon (15/15)            Temple (0/1) D:7            Lair (5/5) D:11
 Shoals (2/4) Lair:3        Snake (4/4) Lair:3        Slime (0/5) Lair:5
    Orc (2/2) D:9             Elf (0/3) Orc:2        Vaults (0/5) D:14
 Depths (0/4) D:15          IceCv (visited)

Shops:
D:9 *   D:12 [   Orc:2 ?[=*?   Snake:1 ?[[


Innate Abilities, Weirdness & Mutations

You have an increased reservoir of magic. (+10% MP)
You shall have no god before yourself.
Your divine heritage dramatically boosts your attributes as you level up.
You have sharp toenails.
You are somewhat resistant to further mutation.
[You frequently scream uncontrollably at your foes.]
[You do not regenerate when monsters are visible.]
[You are very vulnerable to heat. (rF--)]


Message History

The blast of flame hits you but does no damage.
You resist.
The starspawn tentacle barely misses you.
Unknown command.
You block the large abomination's attack.
The red draconian breathes fire at you.
The searing blast hits you but does no damage.
The starspawn tentacle grabs you. The starspawn tentacle constricts you.
You hear a deafening roar!
You hear a shout!
Unknown command.
You escape the starspawn tentacle's grasp.
You scream at the dread lich!
A dread lich, a hog and a chaos spawn come into view.
Found two runelights.
You hear a hideous shriek!
You hear a roar!
You hear a hideous shriek!
You hear a roar! x3
The hog changes into an elephant!
The dread lich gestures wildly while chanting.
A lich comes into view.
A tentacle flies out from the starspawn's body!
The wretched star pulses with an eldritch light!
Your regeneration stops near monsters.
The dread lich gestures wildly while chanting.
The dread lich flickers and vanishes!
Deactivating autopickup; reactivate with Ctrl-A.
You hear a shout!
A starspawn tentacle comes into view.
A bunyip comes into view.
You hear a deafening roar! x2
You block the starspawn tentacle's attack.
You hear a deafening roar!
You block the starspawn tentacle's attack.
You hear a shout!
The bunyip gives a hideous shriek!
Unknown command.
You hear a deafening roar!
You hear a deafening roar!
You hear a shout!
The bunyip attacks as you move away! The bunyip claws you!!
* * * LOW HITPOINT WARNING * * *
The bunyip claws you!!
You die...

.....§ §...#§#§# YL#.
.....§....§§#§⌠##⌠ .∩§
...#..§§....─§...§
..§.. . . .§.§.X§.│§
§§§.§... .
.#..§...§*#§.§........
.#....§.d.§§.§......
#.§...§...X.§§#§.....
#......#§....§§.§.§..
...........h.@.#.....
§.........§.§x..§.§..
.....§..§.......§..#
§.#§§#..§§.#§.....
..........§....§..
..#.§.....#§..#.
........§......
§§§§§..§§.. #§.


You could see a red draconian, a bunyip, a wretched star, 2 large abominations
and a hell hound.

Vanquished Creatures
  Vashnia (Snake:4)
  Saint Roka (Orc:2)
  Bai Suzhen (Snake:3)
  2 Ice Fiends (IceCv)
  Roxanne (Snake:4)
  7 nagarajas
  Aizul (Snake:1)
  Louise (D:15)
  2 orc warlords (Orc:2)
  A very ugly thing (IceCv)
  Nessos (D:14)
  Azrael (D:15)
  The ghost of Wiggles the Executioner, a journeyman MiBe of Trog (Lair:3)
  Snorg (D:10)
  The ghost of suzumiya the Grappler, a journeyman TrGl of Okawaru (D:11)
  A rakshasa (D:13)
  Harold (D:11)
  A caustic shrike simulacrum (IceCv)
  3 salamander tyrants (Snake:4)
  4 hydras
  A merfolk avatar (Lair:5)
  3 death knights
  5 two-headed ogres
  3 centaur warriors
  7 anacondas
  Erica (Lair:1)
  17 naga warriors
  3 boulder beetles
  A tengu warrior (D:15)
  6 death yaks (Lair:2)
  3 orc high priests
  A thrashing horror (Abyss:4)
  9 shock serpents
  10 naga sharpshooters
  Sonja (Lair:4)
  A wretched star (Abyss:3)
  3 salamander mystics (Snake:4)
  5 skeletal warriors
  5 skysharks
  2 sixfirhies (Abyss:3)
  A flayed ghost (Abyss:3)
  A sea snake (Shoals:2)
  7 orc knights
  2 harpies (Lair:5)
  An obsidian statue (IceCv)
  5 naga ritualists
  A spriggan simulacrum (IceCv)
  A phantasmal warrior (D:14)
  A wizard (D:15)
  A necromancer (D:15)
  9 mana vipers
  6 orc sorcerers
  Pikel (D:6)
  An ugly thing (D:12)
  A wolf spider zombie (D:15)
  16 salamanders
  5 manticores
  42 black mambas
  3 merfolk sirens
  6 guardian serpents
  8 cyclopes
  Joseph (Lair:1)
  13 naga magi
  5 elephants
  9 cane toads
  Maggie (D:7)
  A centaur skeleton (D:15)
  3 rime drakes
  A hellion (Abyss:4)
  3 unseen horrors
  An anaconda simulacrum (Lair:2)
  9 freezing wraiths
  7 komodo dragons
  3 ice devils (IceCv)
  2 tengu conjurers (D:14)
  An ancient zyme (Abyss:4)
  12 trolls
  3 polar bears
  A wind drake (Lair:5)
  A wolf spider simulacrum (Lair:2)
  A hornet (Lair:5)
  2 merfolk (Lair:3)
  Prince Ribbit (D:9)
  8 saltlings (Orc:2)
  A harpy skeleton (D:15)
  28 blink frogs
  A snapping turtle (Lair:5)
  15 slime creatures
  2 centaur simulacra
  8 wraiths
  3 wyverns
  2 basilisks (D:15)
  A ynoxinul (Abyss:3)
  2 vampires
  2 dire elephant simulacra (IceCv)
  15 humans (D:14)
  24 yaks
  A yak (shapeshifter) (D:14)
  5 fire elementals
  A large abomination (Abyss:4)
  A fire bat (Abyss:4)
  4 steam dragons
  3 minotaur simulacra (IceCv)
  12 vampire mosquitoes
  50 nagas
  4 wargs
  5 acid dragons
  A hydra simulacrum (IceCv)
  A hell hound (D:15)
  12 water moccasins
  31 orc warriors
  2 black bears (D:6)
  An ettin simulacrum (IceCv)
  An ice beast (D:5)
  An alligator simulacrum (IceCv)
  7 sky beasts
  8 ogres
  16 wolves
  3 boggarts (D:15)
  5 centaurs
  4 lemures (D:5)
  2 phantoms
  A small abomination (Abyss:4)
  12 bullfrogs
  4 kobold brigands
  6 deep troll simulacra (IceCv)
  2 gnoll sergeants
  7 wights
  14 killer bees
  A lindwurm simulacrum (IceCv)
  9 howler monkeys
  6 electric eels
  3 lava snakes (Lair:3)
  A wyvern simulacrum (Lair:2)
  7 hounds
  23 orc priests
  18 jellies
  3 water moccasin simulacra (Lair:2)
  A gnoll bouda (D:8)
  4 iguanas
  A sleepcap (D:6)
  19 orc wizards
  7 hell rats (Lair:2)
  A wolf simulacrum (Lair:2)
  18 gnolls
  9 adders
  2 white imps
  An ufetubus (D:5)
  A worm (D:2)
  A dart slug (D:5)
  93 orcs
  5 ball pythons
  6 endoplasms
  6 giant cockroaches
  4 hobgoblins
  13 jackals
  20 kobolds
  2 quokkas
  5 bats
  4 frilled lizards
  6 goblins
  3 rats
  3 fulminant prisms
965 creatures vanquished.

Vanquished Creatures (collateral kills)
  A starspawn tentacle (Abyss:4)
1 creature vanquished.

Vanquished Creatures (others)
  An ogre mage (Abyss:4)
  A black mamba (Snake:2)
  A human (D:14)
  A naga (Snake:4)
  8 foxfires (Abyss:3)
  63 fulminant prisms
  5 starspawn tentacles (Abyss:4)
80 creatures vanquished.

Grand Total: 1046 creatures vanquished

Notes
Turn   | Place    | Note
-------+----------+-------------------------------------------
     0 | D:1      | spardeous the Demigod Conjurer began the quest for the Orb.
     0 | D:1      | Reached XP level 1. HP: 14/14 MP: 5/5
   157 | D:1      | Reached skill level 2 in Spellcasting
   759 | D:1      | Reached XP level 2. HP: 20/20 MP: 3/7
  1389 | D:2      | Learned a level 2 spell: Searing Ray
  1657 | D:2      | Reached XP level 3. HP: 26/26 MP: 1/9
  2501 | D:3      | Reached skill level 3 in Spellcasting
  2501 | D:3      | Reached XP level 4. HP: 33/33 MP: 1/11
  3872 | D:4      | Reached XP level 5. HP: 38/38 MP: 8/13
  3876 | D:4      | Reached skill level 5 in Conjurations
  4256 | D:4      | Reached skill level 4 in Spellcasting
  4346 | D:4      | Reached XP level 6. HP: 45/45 MP: 11/15
  4883 | D:5      | Entered Level 5 of the Dungeon
  5258 | D:5      | Reached XP level 7. HP: 50/50 MP: 4/17
  5439 | D:5      | Reached skill level 5 in Spellcasting
  6430 | D:6      | Learned a level 4 spell: Iskenderun's Mystic Blast
  6441 | D:6      | Reached skill level 6 in Spellcasting
  6559 | D:6      | Learned a level 4 spell: Petrify
  6655 | D:6      | Reached XP level 8. HP: 57/57 MP: 16/20
  6910 | D:6      | Identified the +9 dagger "Vuniz" {vamp, Str+4}
  6929 | D:6      | Noticed Pikel
  7349 | D:6      | Reached skill level 7 in Spellcasting
  7880 | D:6      | Killed Pikel
  7881 | D:6      | Reached XP level 9. HP: 52/62 MP: 13/24
  8139 | D:7      | Found a staircase to the Ecumenical Temple.
  8167 | D:7      | Reached skill level 8 in Spellcasting
  8170 | D:7      | Reached skill level 1 in Translocations
  8293 | D:7      | Noticed Maggie
  8490 | D:7      | Killed Maggie
  8984 | D:7      | Killed an unseen horror
  9233 | D:7      | Reached skill level 10 in Conjurations
  9844 | D:7      | Killed an unseen horror
  9845 | D:7      | Reached XP level 10. HP: 25/69 MP: 2/27
  9945 | D:7      | Noticed a cyclops
  9992 | D:7      | Identified the ring of the Exiled Mouths {Wiz Contam rElec
                  | rF++ Int+2}
 10043 | D:6      | Reached skill level 9 in Spellcasting
 10166 | D:7      | Killed a cyclops
 10461 | D:7      | Identified the staff of poison "Bastu" {Fragile rPois rF+
                  | Dex+3 SInv}
 10464 | D:7      | Identified the +1 mace "Demigod's Peril" {freeze, rPois rC+
                  | Will+ Str+5}
 11063 | D:8      | Noticed a two-headed ogre
 11072 | D:8      | Killed a two-headed ogre
 11073 | D:8      | Reached skill level 5 in Translocations
 12476 | D:9      | Noticed Prince Ribbit
 12480 | D:9      | Killed Prince Ribbit
 12702 | D:9      | Found Xyxeawos's Assorted Antiques.
 12744 | D:9      | Noticed a two-headed ogre
 12748 | D:9      | Reached skill level 10 in Spellcasting
 13111 | D:9      | Killed a two-headed ogre
 13679 | D:9      | Reached XP level 11. HP: 67/74 MP: 12/29
 13805 | D:9      | Found a staircase to the Orcish Mines.
 14379 | D:9      | Bought a scroll labelled WUXAGU HANIHIJ for 20 gold pieces
 14379 | D:9      | Bought a brightly glowing chain mail for 190 gold pieces
 14379 | D:9      | Identified the +2 chain mail of Relativism {Harm rN+ rCorr
                  | Str-2} (You bought it in a shop on level 9 of the Dungeon)
 14379 | D:9      | Bought a coppery potion for 18 gold pieces
 14379 | D:9      | Bought a fading ring mail for 180 gold pieces
 14379 | D:9      | Identified the +0 ring mail of Honesty {+Blink rElec Dex+2}
                  | (You bought it in a shop on level 9 of the Dungeon)
 14399 | D:10     | Entered Level 10 of the Dungeon
 15315 | D:10     | Noticed Snorg
 15335 | D:10     | Killed Snorg
 15687 | D:11     | Found a runed translucent gate.
 15687 | D:11     | Found a runed translucent gate.
 15687 | D:11     | Found a runed translucent gate.
 15688 | D:11     | Noticed suzumiya's ghost (journeyman TrGl)
 15690 | D:11     | Noticed a centaur warrior
 15697 | D:11     | Got the Compendium of Unhallowed Spells
 15932 | D:11     | Noticed Harold
 15948 | D:11     | Killed Harold
 16087 | D:11     | Reached skill level 10 in Translocations
 16182 | D:11     | Reached skill level 1 in Fighting
 16298 | D:11     | Noticed a six-headed hydra
 16359 | D:11     | Killed a six-headed hydra
 16557 | D:11     | Found a staircase to the Lair.
 16792 | D:11     | Noticed a skeletal warrior
 16795 | D:11     | Noticed a skeletal warrior
 16801 | D:11     | Noticed a skeletal warrior
 16807 | D:11     | Noticed a skeletal warrior
 16840 | D:11     | Killed a skeletal warrior
 16846 | D:11     | Killed a skeletal warrior
 16847 | D:11     | Reached skill level 5 in Fighting
 16855 | D:11     | Killed a skeletal warrior
 17100 | D:11     | Killed a skeletal warrior
 17368 | D:12     | Found Noziduett's Armour Boutique.
 17470 | D:12     | Identified the +0 leather armour of Falle {Rampage}
 17600 | D:12     | Reached XP level 12. HP: 46/97 MP: 19/30
 17762 | D:12     | Identified the +7 flail "Zeasaasm" {freeze, *Rage Str+3
                  | Int+2 SInv}
 18607 | D:13     | Noticed a boulder beetle
 18618 | D:13     | Killed a boulder beetle
 18801 | D:13     | Identified a scroll of acquirement
 18801 | D:13     | Acquired 606 gold pieces
 18826 | D:13     | Noticed a rakshasa
 18834 | D:13     | Killed a rakshasa
 18907 | D:13     | Noticed a centaur warrior
 18914 | D:13     | Killed a centaur warrior
 19373 | D:13     | Identified the +4 shortbow "Omomay" {heavy, rF+ Dex-2 SInv}
 19626 | D:14     | Noticed Nessos
 19626 | D:14     | Found a gate to the Vaults.
 20350 | D:14     | Reached skill level 11 in Spellcasting
 20433 | D:14     | Reached skill level 1 in Armour
 20910 | D:13     | HP: 2/105 [poisoned by Nessos]
 21392 | Lair:1   | Entered Level 1 of the Lair of Beasts
 21423 | D:11     | Killed a centaur warrior
 21468 | D:11     | Killed suzumiya's ghost
 21695 | Lair:1   | Reached skill level 5 in Armour
 21698 | Lair:1   | Noticed Erica
 21813 | Lair:1   | Killed Erica
 21949 | Lair:1   | Reached XP level 13. HP: 86/111 MP: 1/32
 22717 | Lair:1   | Noticed Joseph
 22731 | Lair:1   | Killed Joseph
 22733 | Lair:1   | Reached skill level 10 in Fighting
 23041 | Lair:2   | Learned a level 2 spell: Sublimation of Blood
 23051 | Lair:2   | Reached skill level 1 in Necromancy
 23408 | Lair:2   | Learned a level 2 spell: Wereblood
 23412 | Lair:2   | Learned a level 3 spell: Stone Arrow
 23552 | Lair:2   | Found a transporter.
 23691 | Lair:2   | Found a transporter.
 23732 | Lair:2   | Reached skill level 1 in Transmutations
 24544 | Lair:3   | Found a staircase to the Shoals.
 24613 | Lair:3   | Found a large runed translucent door.
 24613 | Lair:3   | Found a large runed translucent door.
 24667 | Lair:3   | Noticed Wiggles's ghost (journeyman MiBe)
 24777 | Lair:3   | Reached skill level 5 in Transmutations
 24779 | Lair:3   | Reached skill level 5 in Necromancy
 24913 | Lair:3   | Reached skill level 1 in Earth Magic
 25444 | Lair:3   | Found a staircase to the Snake Pit.
 26342 | Lair:3   | Killed Wiggles's ghost
 26439 | Lair:4   | Identified the +2 ring mail of Cazuagia {rF+ Dex+4}
 26473 | Lair:4   | Noticed Sonja
 26476 | Lair:4   | Killed Sonja
 26680 | Lair:4   | Reached skill level 5 in Earth Magic
 27182 | Lair:5   | Entered Level 5 of the Lair of Beasts
 27286 | Lair:5   | Reached XP level 14. HP: 111/121 MP: 18/33
 27726 | Lair:5   | Identified the +3 shortbow of Bloody Death {freeze, rC+
                  | Dex+9}
 28195 | Lair:5   | Found a staircase to the Slime Pits.
 28770 | Lair:5   | Reached skill level 12 in Spellcasting
 28770 | Lair:5   | Reached XP level 15. HP: 126/126 MP: 33/36
 29132 | Lair:5   | Learned a level 6 spell: Statue Form
 29140 | Lair:5   | Learned a level 7 spell: Dragon Form
 29143 | Lair:5   | Learned a level 2 spell: Sublimation of Blood
 29148 | Lair:5   | Learned a level 4 spell: Leda's Liquefaction
 29271 | Orc:1    | Entered Level 1 of the Orcish Mines
 29365 | Orc:2    | Entered Level 2 of the Orcish Mines
 29403 | Orc:2    | Found Murohiga's Magic Scroll Shop.
 29516 | Orc:2    | Bought a scroll of magic mapping for 112 gold pieces
 29516 | Orc:2    | Bought a scroll of blinking for 112 gold pieces
 29516 | Orc:2    | Bought a scroll of identify for 30 gold pieces
 29516 | Orc:2    | Bought a scroll of identify for 30 gold pieces
 29611 | Orc:2    | Found a staircase to the Elven Halls.
 29888 | Orc:2    | Reached skill level 10 in Armour
 30049 | Orc:2    | Noticed Saint Roka
 30368 | Orc:1    | Learned a level 4 spell: Fulminant Prism
 30890 | Orc:2    | Killed Saint Roka
 31430 | Orc:2    | Paralysed by an orc sorcerer for 5 turns
 31505 | Orc:2    | Found Cigheipn's Magic Scroll Shoppe.
 31825 | Orc:2    | Reached skill level 5 in Dodging
 31983 | Orc:2    | Found Puupp's Jewellery Shoppe.
 31985 | Orc:2    | Found Gijiczau's Armour Shoppe.
 32010 | Orc:2    | Found Mutsyguyro's General Store.
 32662 | D:14     | Killed Nessos
 34025 | D:14     | Learned a level 5 spell: Borgnjor's Vile Clutch
 34102 | D:14     | Reached skill level 1 in Shields
 34305 | D:15     | Entered Level 15 of the Dungeon
 34309 | D:15     | Noticed Louise
 34323 | D:15     | Killed Louise
 34423 | D:15     | Found a frozen archway.
 34443 | D:15     | Noticed Azrael
 34467 | D:15     | Killed Azrael
 34522 | IceCv    | Entered an ice cave
 34950 | IceCv    | Reached XP level 16. HP: 134/134 MP: 16/37
 35128 | IceCv    | Reached skill level 5 in Shields
 35311 | IceCv    | Noticed an Ice Fiend
 35344 | IceCv    | Killed an Ice Fiend
 35617 | IceCv    | Noticed an Ice Fiend
 35634 | IceCv    | Killed an Ice Fiend
 36838 | D:15     | Found a staircase to the Depths.
 37174 | Snake:1  | Entered Level 1 of the Snake Pit
 37177 | Snake:1  | Noticed Aizul
 37190 | Snake:1  | Killed Aizul
 37565 | Snake:1  | Found Tonteo's Armour Emporium.
 37565 | Snake:1  | Found Idio's Armour Shoppe.
 37569 | Snake:1  | Found Jiumum's Magic Scroll Emporium.
 37577 | Snake:1  | Bought a scroll of enchant armour for 82 gold pieces
 39509 | Snake:2  | Reached skill level 10 in Transmutations
 40909 | Snake:3  | Reached XP level 17. HP: 81/140 MP: 1/38
 41143 | Snake:3  | Noticed Bai Suzhen
 41631 | Snake:3  | Killed Bai Suzhen
 41722 | Snake:3  | Acquired 762 gold pieces
 42183 | Snake:3  | Reached skill level 1 in Maces & Flails
 42959 | Snake:4  | Entered Level 4 of the Snake Pit
 43005 | Snake:4  | Noticed Roxanne
 43185 | Snake:4  | Acquired 1196 gold pieces
 43579 | Snake:4  | Identified the amulet "Ralast" {Acrobat Rampage rCorr MP+9
                  | Dex+3}
 43633 | Snake:4  | Reached skill level 5 in Maces & Flails
 43939 | Snake:4  | Noticed Vashnia
 44050 | Snake:4  | Killed Vashnia
 44771 | Snake:4  | Got a serpentine rune of Zot
 45012 | Snake:1  | Bought a scroll of identify for 22 gold pieces
 45012 | Snake:1  | Bought a scroll of identify for 22 gold pieces
 45012 | Snake:1  | Bought a scroll of identify for 22 gold pieces
 45012 | Snake:1  | Bought a scroll of identify for 22 gold pieces
 45021 | Snake:1  | Gained mutation: You have a pair of small antennae on your
                  | head. [potion of mutation]
 45021 | Snake:1  | Gained mutation: [You do not regenerate when monsters are
                  | visible.] [potion of mutation]
 45022 | Snake:1  | Lost mutation: You have a pair of small antennae on your
                  | head. [potion of mutation]
 45022 | Snake:1  | Lost mutation: [You do not regenerate when monsters are
                  | visible.] [potion of mutation]
 45022 | Snake:1  | Gained mutation: You are somewhat resistant to further
                  | mutation. [potion of mutation]
 45022 | Snake:1  | Gained mutation: You have sharp toenails. [potion of
                  | mutation]
 45290 | Orc:2    | Bought a scroll of identify for 24 gold pieces
 45322 | Orc:2    | Bought a scroll of identify for 28 gold pieces
 45750 | Snake:4  | Killed Roxanne
 45920 | Shoals:1 | Entered Level 1 of the Shoals
 46041 | Abyss:3  | Cast into level 3 of the Abyss (merfolk javelineer)
 46298 | Abyss:4  | Noticed a dread lich
 46298 | Abyss:4  | Noticed a lich
 46302 | Abyss:4  | HP: 7/140 [bunyip (28)]
 46302 | Abyss:4  | Mangled by a bunyip

Illustrated notes

Levels and vault maps discovered:
D:1:      onia_arrival_mini_spirals, layout_basic
D:2:      layout_basic, basic_ecumenical_altar,
          wander_ebering_terrifying_dragon_lair
D:3:      layout_loops_corners, mainiacjoe_overflow_boulevard
D:4:      layout_loops_ring, serial_park_tiny_pond
D:5:      layout_rooms, kennysheep_mini_moat, nicolae_figureground_pulse
D:6:      minmay_razor_zed, layout_cave_pools, nicolae_sif_muna_condensation,
          uniq_pikel
D:7:      minmay_the_grid_triangle_9x9_rhombus_thin
          [minmay_the_grid_triangle_9x9_zippers_horizontal,
          minmay_the_grid_triangle_9x9_prize_center,
          minmay_the_grid_triangle_9x9_skeleton,
          minmay_the_grid_triangle_9x9_shrine], layout_cave_pools,
          minmay_temple_entry_mist, serial_bayou, serial_bayou_pond_d,
          serial_bayou_crossing, serial_bayou_pond_c, serial_bayou_shore_a,
          serial_bayou_pond_c, serial_park_tiny_1, dk_noncrumbling_4,
          chequers_arboretum, hangedman_abyss_or_decor_passed, uniq_maggie
D:8:      layout_basic, grunt_ministairs_7
D:9:      layout_big_octagon, grunt_temple_overflow_bloody_war,
          chequers_temple_overflow_minitemple, amethyst_overflow_temple_binary,
          david_orc_5, serial_park, serial_park_square3
          [serial_park_minivault_5x5_3], serial_park_square3
          [serial_park_minivault_5x5_2], serial_shops, shop, uniq_prince_ribbit1
D:10:     layout_irregular_city, minmay_hedge_maze, hangedman_misty_isle,
          uniq_snorg
D:11:     layout_basic, erik_lair_island, serial_corexii_hall,
          corexii_hall_statues_l, chequers_hall_statues_wall_a,
          gammafunk_ghost_split, uniq_harold
D:12:     layout_roguey, serial_shops, nicolae_shop_hallway_plus, minivault_26
D:13:     layout_roguey, kennysheep_generic_room_5
D:14:     layout_gridville, david_vaults_3, trog_three_pillars_becter
D:15:     grunt_enter_depths_magical_seal, layout_small_grid,
          portal_ice_cave_entry_pillars_2, chequers_serial_rivers_micro_c,
          vehumet_altar_wand_db, uniq_louise, uniq_azrael
Lair:1:   layout_gridlike, hibernation_bobbens, uniq_erica, uniq_joseph
Lair:2:   gammafunk_cloud_chamber, layout_cave_pods
Lair:3:   layout_roguey, elwin_shoals_entry_stream,
          nicolae_snake_entry_warm_welcome, ebering_ghost_disaster_area,
          lemuel_fruit_tree
Lair:4:   layout_misc_corridors, uniq_sonja
Lair:5:   gammafunk_lair_ancient_temple, layout_regular_city,
          minmay_slime_entry_jelly_boxes
Shoals:1: layout_shoals, serial_shops, shop
Shoals:2: layout_shoals, nicolae_shoals_hunting_party
Snake:1:  layout_basic, basic_altar, statue_in_the_mist_lemuel,
          minmay_shop_star, uniq_aizul
Snake:2:  layout_cave_pods, nicolae_triple_integral
Snake:3:  layout_gridlike, drop_trap, grunt_megastairs_2, uniq_bai_suzhen
Snake:4:  johnstein_snake_rune_scales, layout_rooms, basic_altar, uniq_roxanne
Orc:1:    layout_diamond_mine
Orc:2:    hellmonk_orc_salted, layout_diamond_mine, serial_shops, shop,
          uniq_nessos, uniq_saint_roka
Abyss:4:  spicy_abyss_unhelpful_harpoons, spicy_abyss_unhelpful_harpoons,
          minivault_25, hangedman_eye_storm,
          due_evilmike_abyss_rune_seething_liches,
          due_evilmike_abyss_rune_seething_liches,
          guppyfry_abyss_exit_spiral_guarded

Skill      XL: |  1  2  3  4  5  6  7  8  9 10 11 12 13 14 15 16 17 |
---------------+----------------------------------------------------+-----
Spellcasting   | 2 3 4 6 7 8 10 11 12 | 12.0
Conjurations   | 4 5 6 7 9 10 | 10.0
Translocations | 4 7 10 | 10.2
Fighting       | 6 9 10 | 10.0
Armour         | 5 7 9 10 | 10.0
Necromancy     | 5 6 8 9 |  9.7
Transmutations | 5 10 | 10.3
Earth Magic    | 5 |  5.2
Stealth        | 4 |  4.8
Dodging        | 6 |  6.1
Shields        | 4 8 |  8.0
Maces & Flails | 8 |  8.7

Action                     |  1- 3 |  4- 6 |  7- 9 | 10-12 | 13-15 | 16-18 || total
---------------------------+-------+-------+-------+-------+-------+-------++-------
  Melee: Unarmed           |     9 |       |       |       |       |       ||     9
         Short sword       |     5 |     8 |       |       |       |       ||    13
         Dagger            |       |       |     6 |     1 |       |       ||     7
         Mace              |       |       |       |    28 |    71 |   213 ||   312
         Punch             |       |       |       |       |     1 |       ||     1
         Kick              |       |       |       |       |       |     2 ||     2
   Cast: Magic Dart        |    84 |   103 |    91 |     1 |     3 |       ||   282
         Searing Ray       |     2 |    12 |    48 |     9 |     1 |       ||    72
         Iskenderun's Myst |       |       |    51 |   418 |   622 |   485 ||  1576
         Wereblood         |       |       |       |       |     1 |     4 ||     5
         Fulminant Prism   |       |       |       |       |    18 |    48 ||    66
         Stone Arrow       |       |       |       |       |    18 |       ||    18
         Borgnjor's Vile C |       |       |       |       |     6 |    85 ||    91
         Sublimation of Bl |       |       |       |       |     1 |       ||     1
         Statue Form       |       |       |       |       |       |    84 ||    84
         Leda's Liquefacti |       |       |       |       |       |     2 ||     2
Ability: End Transformatio |       |       |       |       |       |     2 ||     2
  Evoke: Wand              |       |       |       |       |       |     1 ||     1
    Use: Potion            |       |       |     5 |     5 |     3 |     8 ||    21
         Scroll            |       |       |       |    10 |    16 |    16 ||    42
   Stab: Sleeping          |       |       |       |       |     1 |       ||     1
 Armour: Robe              |    10 |     8 |     8 |       |       |       ||    26
         Acid dragon scale |       |       |    15 |    13 |       |       ||    28
         Ring mail         |       |       |     9 |       |   119 |    61 ||   189
         Chain mail        |       |       |       |    68 |    64 |       ||   132
         Skin              |       |       |       |       |       |   458 ||   458
  Dodge: Dodged            |    21 |    28 |    74 |    96 |   167 |   473 ||   859
  Block: Other             |       |       |     2 |     6 |       |       ||     8
         Reflection        |       |       |       |     2 |       |       ||     2
         Buckler           |       |       |       |       |     6 |   224 ||   230
         Kite shield       |       |       |       |       |       |   144 ||   144
         Tower shield      |       |       |       |       |       |    20 ||    20
